[Event "61st Mongolian-ch Open 2023"]
[Site "Khovd"]
[Date "2023.05.23"]
[Round "4.1"]
[White "Chinguun, Sumiya"]
[Black "Bulgankhan Ganzorig"]
[Result "0-1"]
[ECO "B30"]
[WhiteElo "2298"]
[BlackElo "2017"]
[Annotator "TA"]
[PlyCount "102"]
[EventDate "2023.05.22"]
[EventType "tourn"]
[EventCountry "MGL"]
[SourceTitle "playchess.com"]
[Source "ChessBase"]
[SourceQuality "1"]
[TimeControl "40/5400+30:1800+30"]

1. e4 c5 2. Nc3 Nc6 3. Bb5 Nd4 4. Nf3 e6 5. O-O a6 6. Bd3 Nxf3+ 7. Qxf3 Bd6 {[%emt 0:00:08] B30: Sicilian: 2...Nc6 3 Bb5, lines without ...g6.} 8. b3 Qc7 9. Qh3 Ne7 {[%emt 0:00:39] The position is equal.} 10. Bb2 Be5 11. Rae1 b5 12. Kh1 (12. f4 $5 Bd4+ 13. Kh1 $11) 12... Bb7 {[%emt 0:11:17] [#]} 13. f4 $1 Bd4 {[%emt 0:05:10] [#]} 14. e5 $146 ({Predecessor:} 14. Nd1 Bxb2 15. Nxb2 Ng6 16. a4 Bc6 17. axb5 axb5 18. f5 Ne5 19. Qg3 g6 20. Be2 {0-1 Admiraal,M (2501)-Reinderman,D (2582) Amsterdam Batavia Grolsch 12th 2020 (1)}) 14... g6 15. Ne4 Bxb2 16. Nd6+ Kf8 {[%emt 0:00:27] ...h5 is the strong threat.} 17. Qh6+ Kg8 18. Rb1 Ba3 19. c4 {[%emt 0:01:52] [#]} (19. f5 $1 $15 exf5 20. Bxf5) 19... Nf5 (19... Rf8 $1 $17 {Strongly threatening ...Nc8.} 20. f5 exf5) 20. Bxf5 $11 exf5 $40 {[%emt 0:00:23][%mdl 128] Black has some attack.} 21. Qg5 $2 {[%emt 0:07:32][%mdl 8192] White is on the road to losing.} (21. Rbe1 $1 $11 {and White is okay.}) 21... Be4 22. Rbe1 Qd8 23. Qh6 Qf8 24. Qh4 h6 25. Re3 {[%emt 0:00:48] [#]} (25. Rxe4 $142 fxe4 26. f5) 25... Re8 $1 26. d3 (26. Nxe4 fxe4) 26... Bc6 {[%emt 0:01:51] And now ...Re6 would win.} 27. Rg3 {[%emt 0:00:12] [#]} Kh7 $1 28. Rh3 (28. Nxe8 Qxe8) 28... Kg8 29. Rg3 $1 Qe7 30. Qh5 Kf8 31. Qe2 {[%emt 0:00:04] [#]} (31. Qd1 $142 Ra8 32. d4 cxd4 33. Qxd4) 31... Bb4 $2 32. Qb2 Qe6 33. a3 Ba5 {[%emt 0:00:11] ...Rb8 would be deadly.} 34. Qf2 Rb8 35. Qxc5 Kg7 ({Avoid the trap} 35... Bb6 $2 36. Qb4 $19) 36. Qf2 Bc7 37. d4 bxc4 ({Wrong is} 37... Bxd6 $2 38. d5 Bxd5 39. cxd5 Qxd5 40. exd6 $19) 38. bxc4 Bxd6 39. d5 Qe8 40. exd6 Ba4 41. Re1 {[%emt 0:05:28] Wards off Qe4} (41. Qd4+ {was the crucial defense.} Kh7 42. Re3) 41... Qd8 $19 42. h3 Qf6 43. c5 Rb2 44. Qf1 Bc2 45. c6 dxc6 46. dxc6 Be4 47. Rc1 Qxd6 {[%emt 0:00:00] White must now prevent ...Rc8.} 48. Qc4 Qd2 49. Qc5 Bxg2+ 50. Kg1 Be4 {[%emt 0:00:00] ( -> ...Qh2+)} 51. Rxg6+ Kxg6 {[%emt 0:00:00] Artfully played by Bulgankhan Ganzorig.   Weighted Error Value: White=0.57/Black=0.39} 0-1

[Event "61st Mongolian-ch Open 2023"]
[Site "Khovd"]
[Date "2023.05.23"]
[Round "4.2"]
[White "Erdene, Ganzorig"]
[Black "Munkhzul, Turmunkh"]
[Result "1/2-1/2"]
[ECO "D36"]
[WhiteElo "2278"]
[BlackElo "2318"]
[Annotator "TA"]
[PlyCount "117"]
[EventDate "2023.05.22"]
[EventType "tourn"]
[EventCountry "MGL"]
[SourceTitle "playchess.com"]
[Source "ChessBase"]
[SourceQuality "1"]
[TimeControl "40/5400+30:1800+30"]

1. d4 Nf6 2. Nf3 e6 3. c4 d5 4. Nc3 c6 5. cxd5 exd5 6. Bg5 Be7 7. Qc2 O-O 8. e3 h6 9. Bh4 Ne4 10. Bxe7 Qxe7 11. Bd3 Re8 12. O-O Nd7 13. Rae1 Nf8 {[%emt 0:09:06] D36: Queen's Gambit Declined: Exchange Variation: Main line (5 Bg5 c6 6 Qc2).} 14. b4 {[%emt 0:04:25] [#]} a6 $146 ({Predecessor:} 14... a5 15. b5 Nxc3 16. Qxc3 cxb5 17. Bxb5 Bd7 18. Rb1 Rec8 19. Qd2 Bf5 20. Bd3 Bxd3 21. Qxd3 {1-0 Slisser,T (2161)-Knol,G (2163) Hoogeveen Essent op 2003 (7)}) 15. a4 Bf5 16. Rb1 Rac8 17. Ne5 f6 18. Nf3 Bg6 19. Rfc1 Bh5 20. Nxe4 dxe4 21. Bc4+ Kh8 22. Nd2 f5 23. Bf1 Ng6 (23... Bf7 $14) 24. Qc5 $16 Qg5 25. Qd6 (25. Qb6 $16) 25... Rcd8 26. Qg3 Qf6 27. Rc5 (27. Qc7 $5 ) 27... Nf8 28. Rbc1 (28. Nc4 $5 ) 28... Nd7 29. R5c2 Bg6 ({Black should try} 29... Nb6 $14) 30. Qc7 $18 f4 31. Qxb7 (31. Qxf4 Qxf4 32. exf4 e3 33. fxe3 Bxc2 34. Rxc2 Rxe3 $17) 31... fxe3 32. fxe3 Qg5 (32... Rf8 $142) 33. Re1 (33. Qxc6 Qxe3+ 34. Kh1 Kh7 $11) 33... Nf6 34. Rc5 ({Don't do} 34. Qxc6 $6 Ng4 35. g3 Nxe3 $16) (34. Bxa6 Nd5 35. Rc5 (35. Rxc6 Nxe3 36. Rxg6 Qxg6 $14) 35... Re7 36. Qxc6 Be8 37. Rxd5 Rxd5 $18) (34. Qxa6 $6 Ng4 35. Qe2 Rf8 $16) 34... Bf5 35. Qxa6 Nd5 36. Qe2 ({Worse is} 36. Rxc6 Nxb4 37. Qb6 Nxc6 38. Qxc6 Bd7 $15) 36... Nxb4 37. Qf2 Rf8 (37... Rd5 {was called for.}) 38. Qg3 Qf6 39. Nc4 (39. Rec1 $18) 39... Rd5 40. Rb1 (40. Rxd5 $1 $16 cxd5 41. Ne5) 40... Rxc5 $1 $14 41. dxc5 Nd3 42. a5 (42. Nd6 $16) 42... Qc3 $1 $11 43. Qd6 Rf6 {[%emt 0:01:59] [#]} (43... Rg8 $11 {and Black is okay.} 44. Qd4 (44. Bxd3 exd3 45. Qd4 Qc2 $11) 44... Qc2 45. Bxd3 exd3) 44. Qb8+ $1 $18 Kh7 {[%emt 0:00:38] [#]} 45. Qb3 ({And not} 45. Bxd3 exd3 46. Qb4 Qc2 $11) 45... Qxb3 46. Rxb3 {[%emt 0:00:05] aiming for a6.} Nxc5 47. Ra3 (47. Rb8 $18 {has better winning chances.}) 47... Bc8 $16 48. Nd2 {[%emt 0:04:40] a6 is the strong threat.} Rd6 49. Rc3 Rd5 50. Rc4 Nb7 $1 51. Rxc6 Nxa5 52. Rxc8 Rxd2 $14 {[%emt 0:00:05][%mdl 4096] Endgame KRB-KRN} 53. Re8 Nb3 54. Rxe4 Rd1 $1 {[%emt 0:00:09][%cal Od1f1] And now ...Rxf1+! would win. The position is equal.} 55. Rf4 Nd2 56. g3 Re1 57. Rf2 Nxf1 58. Rxf1 Rxe3 59. Kg2 {[%emt 0:00:08] Blacks defense is rewarded with a draw.   Weighted Error Value: White=0.22 (precise) /Black=0.24 (precise)} 1/2-1/2

[Event "61st Mongolian-ch Open 2023"]
[Site "Khovd"]
[Date "2023.05.23"]
[Round "4.3"]
[White "Gan-Erdene, Sugar"]
[Black "Enkhnar, Enkhbaatar"]
[Result "1-0"]
[ECO "E06"]
[WhiteElo "2420"]
[BlackElo "2360"]
[Annotator "TA"]
[PlyCount "105"]
[EventDate "2023.05.22"]
[EventType "tourn"]
[EventCountry "MGL"]
[SourceTitle "playchess.com"]
[Source "ChessBase"]
[SourceQuality "1"]
[TimeControl "40/5400+30:1800+30"]

1. d4 Nf6 2. c4 e6 3. g3 d5 4. Nf3 Be7 5. Bg2 O-O 6. Qc2 c6 7. O-O a5 {[%emt 0:00:05] 7...b6 gains popularity. E06: Closed Catalan: Early deviations.} 8. Bf4 Na6 9. a3 {[%emt 0:02:35] [#]} b6 $146 {[%emt 0:00:57] White has an edge.} ({Predecessor:} 9... b5 10. Ne5 Bd7 11. cxb5 cxb5 12. Nc6 Bxc6 13. Qxc6 b4 14. Nd2 Qc8 15. Qa4 {½-½ Gasthofer,A (2441)-Grabarczyk,B (2393) Bundesliga 1213 2012 (9)}) 10. cxd5 cxd5 11. Ne5 Bb7 12. Nc6 Qd7 13. Nxe7+ Qxe7 {[%emt 0:00:05] Black is weak on the dark squares} 14. Qb3 Nd7 15. Nc3 Rfc8 16. Nb5 {[%emt 0:03:21] Wards off Nc7} g5 (16... Bc6 $16) 17. Bd2 (17. Bd6 $18 Qd8 18. f4) 17... Nc7 $16 {[%emt 0:02:42] [#] And now ...a4 would win.} 18. Nxc7 Rxc7 19. Rfc1 Rac8 20. Rxc7 Rxc7 21. Rc1 $36 {[%emt 0:00:04][%mdl 2048] White is pushing. White is more active.} Rxc1+ 22. Bxc1 f6 {[%emt 0:01:04] Black is on the road to losing.} ({Black should play} 22... h6 $14) 23. Bd2 Qd6 (23... Ba6 $16) 24. Bxa5 $18 bxa5 (24... Qc7 {was necessary.}) 25. Qxb7 {[%emt 0:00:11][%mdl 4096] Endgame KQB-KQN} Nb6 26. e3 f5 27. Bf1 h5 28. Bd3 Nd7 (28... a4 $142 29. Be2 g4) 29. Qa8+ {[%emt 0:00:21] White is clearly winning.} Kf7 30. Qxa5 f4 31. Qd8 fxe3 32. Qxg5 exf2+ 33. Kxf2 Qb6 34. Qxh5+ Ke7 35. Qg5+ Kf7 36. Bg6+ Kf8 37. Qd2 Kg7 38. Be8 Nf6 {[%emt 0:01:46] [#] ...Ne4+ is the strong threat.} 39. Qg5+ Kf8 40. Qxf6+ Kxe8 {[%emt 0:00:00] KQ-KQ} 41. b4 Qc6 42. Qh8+ Kd7 43. Qg7+ Ke8 44. Qg6+ Ke7 45. Qd3 Qc1 46. h4 Qb2+ 47. Kf3 Kf6 48. Kg4 Qc1 49. b5 Qc8 50. Kf3 Qb8 51. h5 {[%emt 0:02:44] Threatening mate with Qg6+.} Qh8 52. Qg6+ Ke7 53. h6 {[%emt 0:00:46] Weighted Error Value: White=0.10 (very precise) /Black=0.38} 1-0

[Event "61st Mongolian-ch Open 2023"]
[Site "Khovd"]
[Date "2023.05.23"]
[Round "4.4"]
[White "Munguntuul, Batkhuyag"]
[Black "Ulziikhishig Khishigbat"]
[Result "1-0"]
[ECO "B76"]
[WhiteElo "2408"]
[BlackElo "1601"]
[Annotator "TA"]
[PlyCount "93"]
[EventDate "2023.05.22"]
[EventType "tourn"]
[EventCountry "MGL"]
[SourceTitle "playchess.com"]
[Source "ChessBase"]
[SourceQuality "1"]
[TimeControl "40/5400+30:1800+30"]

1. e4 c5 2. Nf3 d6 3. d4 cxd4 4. Nxd4 Nf6 5. Nc3 g6 6. Be3 Bg7 7. f3 O-O 8. Qd2 Nc6 9. O-O-O d5 10. Qe1 e5 11. Nxc6 bxc6 12. exd5 Nxd5 13. Bc4 Be6 14. Ne4 Qb8 {[%emt 0:00:46] Strongly threatening ...Nxe3.} 15. Bc5 {[%emt 0:05:43] B76: Sicilian Dragon: Yugoslav Attack, 9 g4 and 9 0-0-0.} Rd8 16. Qh4 h6 {[%emt 0:10:29] Wards off Ng5} 17. g4 {[%emt 0:01:58] White is slightly better.} Qc7 {[%emt 0:09:10] [#]} 18. Bb3 $146 ({Predecessor:} 18. g5 h5 19. Qf2 Qa5 20. Qe1 Qc7 21. Qf2 Qa5 22. Bd6 Rxd6 23. Nxd6 Qb4 24. Bb3 Qxd6 25. c4 a5 26. cxd5 cxd5 27. Qd2 Qb6 28. Kb1 a4 29. Bxd5 Rd8 {0-1 Sax,G (2609)-Mohr,G (2488) Maribor Pirc Memorial 2000 (2.2)}) 18... Nf4 19. Bd6 (19. Bxe6 {simplifies} Nxe6 20. Be3 Nf4 21. Rxd8+ Rxd8 22. Qf2) 19... Qa5 {[%emt 0:02:09] White must now prevent ...Bxb3.} 20. Kb1 (20. Qe1 {simplifies} Qxe1 21. Rhxe1 Bxb3 22. axb3 a5 23. Be7) 20... Bxb3 21. axb3 Nd5 (21... Rd7 {simplifies} 22. Ba3 Qd8 23. Qxd8+ Raxd8 24. Rxd7 Rxd7 25. h4 h5) 22. Bc5 Re8 23. Rhg1 Re6 24. Rg2 Nf6 25. b4 Qb5 26. Nd6 (26. Nc3 $11 Qc4 27. Qf2) 26... Qb8 ({Better is} 26... Rxd6 $1 $17 27. Bxd6 Nd5) 27. Nf5 Kh7 {[%emt 0:02:27] [#]} (27... gxf5 $2 28. gxf5 Nh7 29. fxe6 $18) (27... a5 $15 {stays ahead.}) 28. Nxh6 Bxh6 $16 29. g5 {[%emt 0:00:11][%mdl 64] Pin, Double Attack} Nh5 {[%emt 0:02:00] Hoping for ...Bg7.} 30. gxh6 Rf6 {[%emt 0:00:19] Black is weak on the dark squares} 31. Qe4 (31. Rd7 $142) 31... a5 32. Rg5 Rf4 33. Qxc6 axb4 {[%emt 0:00:37] aiming for ...Rf6.} 34. b3 $36 {[%emt 0:04:40][%mdl 2048] Black is under strong pressure.} Rf6 {[%emt 0:03:44] [#]} 35. Rd6 Rxd6 36. Qxd6 Qb5 (36... Qxd6 $16 37. Bxd6 f6) 37. Rg1 $18 {[%emt 0:01:35] Active counter play!} Qa5 38. Qxe5 Qa2+ (38... f6 $2 39. Qe7+ Kh8 40. Bd4 $18 (40. Rxg6 $2 Qa1#)) 39. Kc1 Rc8 $2 (39... Qa5 40. Qd4 Qc7 41. Bxb4 (41. Qxb4 Rc8 $11) 41... Rd8) 40. Rg4 (40. Bxb4 $2 Qxc2#) (40. Rg2 Qa8 $14) (40. Rg5 $142 {White wants to mate with Rxh5.} Rd8 41. Bxb4) 40... Qa5 (40... Rc6 $2 41. Rf4 f6 42. Qe7+ Kxh6 43. Rc4 Rxc5 44. Qxc5 $18) 41. Rc4 Qa3+ (41... Rd8 {was necessary.} 42. Bd4 (42. Rxb4 $2 Qa3+ 43. Qb2 Rd1+ {[%mdl 64] Deflection} 44. Kxd1 Qxb2 $19) 42... Qa8) 42. Kb1 {[%emt 0:02:27][%cal Oc4f4] Threatening mate with Rf4!} Qa8 (42... Qa5 {might work better.} 43. Qe7 Qc7 44. Bxb4 Qxe7 45. Bxe7 Rb8) 43. Qe3 (43. Rxb4 Qxf3 44. Kb2 Qc6 $18) (43. Bxb4 Rxc4 44. bxc4 Qxf3 $18) 43... Qd5 44. Kb2 ({Weaker is} 44. Bxb4 Rxc4 45. bxc4 Qxc4 $16) 44... Rc7 45. f4 (45. Bxb4 Rxc4 46. bxc4 Qxc4 $16) 45... Kxh6 $2 (45... Nxf4 $18 46. Qxf4 (46. Rxf4 Rxc5 47. Qe7 Kxh6 $16) 46... Rxc5 47. Rxb4 f5) 46. Bf8+ {[%emt 0:00:24][%mdl 64] Discovered Attack} ({Less strong is} 46. Bxb4 Rxc4 47. bxc4 Qxc4 $16) 46... Kh7 47. Bc5 $2 {[%mdl 32768] An entertaining game by Munguntuul.   Weighted Error Value: White=0.40/Black=0.56. Loss on time!?} ({Not} 47. Bxb4 Rxc4 48. bxc4 Qxc4 $14) (47. Rxc7 $18 Ng7 48. Bxb4) 1-0

[Event "61st Mongolian-ch Open 2023"]
[Site "Khovd"]
[Date "2023.05.23"]
[Round "4.5"]
[White "Amartuvshin, Ganzorig"]
[Black "Munkhgal, Gombosuren"]
[Result "1-0"]
[ECO "D37"]
[WhiteElo "2407"]
[BlackElo "2463"]
[Annotator "TA"]
[PlyCount "87"]
[EventDate "2023.05.22"]
[EventType "tourn"]
[EventCountry "MGL"]
[SourceTitle "playchess.com"]
[Source "ChessBase"]
[SourceQuality "1"]
[TimeControl "40/5400+30:1800+30"]

1. d4 d5 2. c4 e6 3. Nf3 Nf6 4. Nc3 a6 5. cxd5 exd5 6. Bg5 {[%emt 0:00:08] D37: Queen's Gambit Declined: 5 Bf4.} Be6 7. e3 Nbd7 8. Bd3 {[%emt 0:00:08] White has an edge.} Bd6 9. O-O c6 {[%emt 0:00:04] 9...c6 scores better than 9...0-0.} 10. Bf4 Qc7 11. Qd2 O-O 12. h3 Rfe8 13. a3 {[%emt 0:00:49] [#]} Nf8 $146 ({Predecessor:} 13... h6 14. Bxd6 Qxd6 15. Rac1 a5 16. Qc2 Nb6 17. Ne5 Nfd7 18. f4 f6 19. Nf3 Bf7 {½-½ Wallis,C (2380)-Praggnanandhaa,R (2517) Adelaide Lidums GM 2017 (7)}) 14. Bxd6 Qxd6 15. Na4 N8d7 16. Qc2 Ne4 17. Nd2 f5 18. b4 Nf8 19. Nc5 Bc8 20. f4 g5 (20... Qe7 {simplifies} 21. Ndxe4 fxe4 22. Be2 Ng6) 21. fxg5 Ng6 (21... Nxg5 $14 22. Nf3 (22. Bxf5 Rxe3 23. Rf2 Bxf5 $14) 22... Qg3) 22. Bxe4 $18 fxe4 23. Ndb3 (23. Ncxe4 $18 Rxe4 24. Nxe4 dxe4 25. Qxe4 (25. Qf2 Be6 $11)) 23... b6 (23... Kh8 $14) 24. Na4 $16 (24. Qf2 $2 Rf8 25. Qa2 bxc5 26. Rxf8+ Qxf8 $19) 24... Bxh3 25. gxh3 (25. Qf2 Rf8 26. Qe1 Rxf1+ 27. Qxf1 Rf8 $19) 25... Qg3+ 26. Kh1 {[%emt 0:00:13] Strongly threatening Qg2.} Rf8 27. Qh2 (27. Qxc6 $2 Qxh3+ 28. Kg1 Qxe3+ 29. Kh1 Qh3+ 30. Kg1 Qg4+ 31. Kh1 Qh4+ 32. Kg2 Qxg5+ 33. Kh2 Qh4+ 34. Kg1 Kh8 $19) 27... Qxe3 {[%emt 0:00:19] White must now prevent ...Rxf1+.} 28. Nxb6 Rxf1+ 29. Rxf1 Rf8 30. Rxf8+ Nxf8 (30... Kxf8 $11 31. Nc5 Qf3+ 32. Qg2 Qd1+ 33. Kh2 e3) 31. Nc5 {[%emt 0:00:22] Nbd7 would be deadly.} Qf3+ $2 (31... Ng6 $16 {keeps fighting.} 32. Nbd7 (32. Nxa6 $2 {perishes.} Nf4 $19) (32. Qb8+ Kf7 $11) 32... Qxa3) 32. Qg2 $18 Qd1+ {[%emt 0:00:10] [#]} 33. Kh2 $1 {[%emt 0:00:44] aiming for Qf2.} Qxd4 {[%emt 0:08:37] [#]} 34. Nbd7 {[%emt 0:10:53] Inhibits Qe5+. And now Nxf8 would win.} Nxd7 (34... Ng6 35. Ne6 (35. Nxa6 Nf4 $11) 35... Qc3) 35. Nxd7 Kf7 36. Qf1+ Ke8 37. Nf6+ Ke7 38. Qf4 ({Not} 38. Qxa6 Qf2+ 39. Kh1 Qf3+ 40. Kg1 Qe3+ 41. Kh2 Qf2+ 42. Kh1 Qf3+ 43. Kg1 Qg3+ 44. Kh1 Qf3+ $11) 38... Qb2+ 39. Kg3 {[%emt 0:00:22] Intending Qc7+ and mate.} Qc3+ 40. Kg4 e3 41. Kf3 (41. Qc7+ $142 Ke6 42. Nh5 Qe5 43. Nf4+ Qxf4+ 44. Qxf4 Ke7 45. Qxe3+ Kd6 46. Kf5) 41... d4 42. Qc7+ {[%emt 0:00:09][%mdl 64] Skewer. White mates.} Kf8 43. Qd8+ Kf7 44. Qe8+ {[%emt 0:00:06] An entertaining game by Amartuvshin.   Weighted Error Value: White=0.16 (very precise) /Black=0.61} 1-0

[Event "61st Mongolian-ch Open 2023"]
[Site "Khovd"]
[Date "2023.05.23"]
[Round "4.6"]
[White "Bilguun, Sumiya"]
[Black "Amilal Munkhdalai"]
[Result "1/2-1/2"]
[ECO "B46"]
[WhiteElo "2474"]
[BlackElo "2141"]
[Annotator "TA"]
[PlyCount "62"]
[EventDate "2023.05.22"]
[EventType "tourn"]
[EventCountry "MGL"]
[SourceTitle "playchess.com"]
[Source "ChessBase"]
[SourceQuality "1"]
[TimeControl "40/5400+30:1800+30"]

1. e4 c5 2. Nc3 Nc6 3. Nf3 e6 4. d4 cxd4 5. Nxd4 Qc7 6. Nxc6 bxc6 7. Bd3 Nf6 8. O-O a6 9. Qe2 d5 10. Bg5 {[%emt 0:05:00] Bxf6 is the strong threat. B46: Sicilian: Taimanov: 5 Nc3 a6.} Bb7 11. Rae1 Be7 12. e5 {[%emt 0:11:57] White is slightly better.} h6 13. Bh4 (13. exf6 $2 hxg5 14. g3 gxf6 $17) (13. Bd2 $5 Nd7 14. Na4 $11) 13... Ng8 14. Bxe7 Nxe7 {[%emt 0:00:08] [#]} 15. Qg4 $146 ({Predecessor:} 15. b3 c5 16. f4 g6 17. Nd1 h5 18. c4 d4 19. Be4 Nf5 20. Rf3 Ke7 21. Nf2 {0-1 Hirneise,J (2202)-Strunski,A (2271) GER-ch U16 Willingen 2008 (6)}) 15... g6 (15... O-O $142) 16. b4 $11 c5 17. bxc5 Qxc5 18. Ne2 Bc6 19. a4 Rb8 20. Rb1 O-O 21. Qf4 Rfd8 (21... d4 $14) 22. Qxh6 $16 {[%emt 0:05:00] Strongly threatening Nf4.} d4 23. Qg5 ({Not} 23. Bxa6 Rxb1 24. Rxb1 Qxc2 $17) 23... Bxa4 {[%emt 0:00:17] [#]} (23... Nf5 $16) 24. Nf4 $1 $18 Bb5 (24... Bxc2 $2 25. Rbc1 Rb2 26. Bxg6 (26. Bxa6 Qa7 $16) 26... Nxg6 27. Qxd8+ Qf8 28. Qxd4 $18) 25. Rb3 Bxd3 $2 (25... Ba4) 26. Rxd3 {[%emt 0:00:09] And now Rh3 would win.} Nf5 27. g4 $2 (27. Nh5 $18) 27... Qe7 $11 28. Nxe6 Qxe6 ({Much less strong is} 28... fxe6 29. Qxg6+ Ng7 30. Rh3 $16) 29. gxf5 Qxe5 30. Qh4 Qxf5 31. Rh3 {[%emt 0:01:02][%csl Gh3][%cal Rh4h8] [#]} Kg7 {[%emt 0:10:38] Against Qh8+.   Weighted Error Value: White=0.36/Black=0.27 (precise)} (31... Qh5 $5) 1/2-1/2